[Event "Titled Tuesday Blitz March 15 Late 2022"]
[White "Rasulov, Vugar"]
[Black "Svane, Rasmus"]
[WhiteFideId "13402390"]
[BlackFideId "4657101"]
[WhiteElo "2560"]
[BlackElo "2645"]
[Result "0-1"]
[Round "02"]
[TimeControl "180+1"]
[Date "2022.03.15"]
[WhiteClock "0:00:11"]
[BlackClock "0:00:14"]

1. d4 Nf6 2. c4 e6 3. Nc3 Bb4 4. Bd2 O-O 5. Nf3 b6 6. e3 Bb7 7. Be2 c5 8. a3 Bxc3 9. Bxc3 Ne4 10. Rc1 d6 11. O-O Nd7 12. Be1 Rc8 13. Nd2 Qg5 14. Nxe4 Bxe4 15. f3 Bb7 16. Bf2 Rfd8 17. e4 d5 18. cxd5 exd5 19. e5 cxd4 20. Bxd4 Qf4 21. g3 Qf5 22. Bd3 Qe6 23. f4 Nc5 24. b4 Ne4 25. Qh5 Qg6 26. Qh4 h6 27. Qe7 Ba8 28. Qxa7 Qg4 29. Kg2 Rxc1 30. Rxc1 Nd2 31. Qxb6 Qf3+ 32. Kg1 Rf8 33. Qb5 h5 34. Be2 Qxa3 35. Rd1 Nf3+ 36. Kf2 Nxd4 37. Rxd4 Qa1 38. Qc5 Qh1 39. Bf1 Qxh2+ 40. Bg2 h4 41. gxh4 Qxh4+ 42. Kf1 Qg4 43. b5 Rc8 44. Qa3 Bb7 45. Qf3 Rc1+ 46. Kf2 Qh4+ 47. Ke3 Qe1+ 48. Qe2 Rc3+ 49. Rd3 d4+ 50. Kxd4 Qxe2 51. Rxc3 Bxg2 52. Kc5 Qd2 53. Rc4 Qd5+ 54. Kb4 Bf1 55. Rc8+ Kh7 56. b6 Qb5+ 0-1


[Site "https://www.chess.com"]

[Event "Titled Tuesday Blitz March 15 Late 2022"]
[White "Rengifo Blancas, Renzo Jhonathan"]
[Black "Daneshvar, Bardiya"]
[WhiteFideId "3807185"]
[BlackFideId "12576468"]
[WhiteElo "2058"]
[BlackElo "2295"]
[Result "0-1"]
[Round "02"]
[TimeControl "180+1"]
[Date "2022.03.16"]
[WhiteClock "0:00:04"]
[BlackClock "0:01:36"]

1. e4 Nf6 2. e5 Nd5 3. c4 Nb6 4. g3 c5 5. b3 g6 6. Bb2 Bg7 7. Bg2 O-O 8. Nf3 d6 9. O-O Nc6 10. Re1 Bg4 11. h3 Bxf3 12. Bxf3 Nxe5 13. Bxb7 Rb8 14. Bg2 Nf3+ 15. Qxf3 Bxb2 16. Nc3 Bxa1 17. Rxa1 e6 18. Re1 Qe7 19. h4 Nd7 20. Ne4 f5 21. Ng5 Ne5 22. Qc3 f4 23. Nxe6 f3 24. Bh3 Rf6 25. Nf4 Rxf4 26. gxf4 Qxh4 27. Rxe5 Qxh3 28. Rg5 Re8 29. Qa1 Re2 30. Rg3 Qe6 31. Qc3 Rxf2 32. Qe3 Qxe3 33. dxe3 Rxa2 34. Rxf3 Kf7 35. e4 Re2 36. e5 dxe5 37. fxe5+ Ke7 38. Rh3 h5 39. Rg3 Kf7 40. Rf3+ Kg7 41. Rd3 Rxe5 42. Rd7+ Kf6 43. Rxa7 Re3 44. Ra5 Rxb3 45. Rxc5 Rb2 46. Rd5 Rc2 47. c5 h4 48. Rd6+ Kg5 49. c6 Kh5 50. Re6 g5 51. Kf1 h3 52. Ke1 h2 53. Kd1 Rxc6 54. Re1 g4 55. Ke2 Re6+ 56. Kf2 Rxe1 57. Kg3 h1=Q 58. Kf4 Qf3# 0-1


[Site "https://www.chess.com"]

[Event "Titled Tuesday Blitz March 15 Late 2022"]
[White "Roberson, Peter T"]
[Black "Jarocka, Liwia"]
[WhiteFideId "412384"]
[BlackFideId "21807558"]
[WhiteElo "2346"]
[BlackElo "1896"]
[Result "1-0"]
[Round "02"]
[TimeControl "180+1"]
[Date "2022.03.16"]
[WhiteClock "0:00:35"]
[BlackClock "0:01:05"]

1. e4 c6 2. c4 e5 3. Nf3 d6 4. d4 exd4 5. Nxd4 Nf6 6. Nc3 Be7 7. g3 O-O 8. Bg2 Nbd7 9. O-O a5 10. b3 Nc5 11. Bb2 Re8 12. Re1 Bf8 13. h3 g6 14. Qd2 Bg7 15. Rad1 Qc7 16. f4 Ne6 17. Nxe6 Bxe6 18. Qxd6 Qxd6 19. Rxd6 Nh5 20. Kf2 c5 21. Na4 Bxb2 22. Nxb2 a4 23. Nxa4 Bxc4 24. e5 Bb5 25. Bxb7 Ra7 26. Bc6 Bxa4 27. Bxa4 Rc8 28. Re2 Ng7 29. Bb5 Nf5 30. Rd7 Rxd7 31. Bxd7 Ra8 32. Bxf5 gxf5 33. Rc2 Kf8 34. a4 Rb8 35. Rc3 Ke7 36. g4 fxg4 37. hxg4 Ke6 38. Kf3 Kd5 39. Rd3+ Kc6 40. Ke4 Rb4+ 41. Kf5 h6 42. Rh3 Kd5 43. a5 Rb5 44. a6 Ra5 45. Rxh6 1-0


[Site "https://www.chess.com"]

[Event "Titled Tuesday Blitz March 15 Late 2022"]
[White "Rosen, Eric"]
[Black "Matlakov, Maxim"]
[WhiteFideId "2032562"]
[BlackFideId "4168003"]
[WhiteElo "2362"]
[BlackElo "2669"]
[Result "0-1"]
[Round "02"]
[TimeControl "180+1"]
[Date "2022.03.15"]
[WhiteClock "0:00:02"]
[BlackClock "0:00:55"]

1. d4 d5 2. Bf4 Bf5 3. e3 e6 4. Nd2 Nf6 5. Bd3 Bg6 6. Ngf3 Be7 7. Qe2 O-O 8. Bxg6 hxg6 9. Ne5 c5 10. c3 Nh5 11. Bg3 Nc6 12. f4 Qb6 13. Ndf3 Rad8 14. Bf2 Nf6 15. h4 Nxe5 16. Nxe5 Ne4 17. h5 g5 18. Ng6 Bf6 19. Nxf8 Rxf8 20. fxg5 Bxg5 21. Bh4 Bh6 22. g4 cxd4 23. g5 d3 24. Qg2 Qxe3+ 25. Kd1 Bxg5 26. Rg1 Qe2+ 27. Qxe2 dxe2+ 28. Kxe2 Bxh4 29. Rg4 Bg5 30. Rag1 f6 31. c4 Kh7 32. cxd5 exd5 33. R4g2 Re8 34. Kd3 Kh6 35. Kd4 Rd8 36. Rc2 Rd7 37. Rc8 Kxh5 38. Ra8 a6 39. Rh8+ Kg6 40. Rf1 Nd2 41. Rfh1 Nf3+ 42. Kd3 d4 43. Ke4 Ne5 44. Rb8 d3 45. Rd1 d2 46. a4 Nc4 47. b3 Nb2 48. Rxd2 Bxd2 49. b4 Bxb4 50. a5 Bxa5 51. Kf3 Nc4 52. Kg2 Ne5 53. Rh8 Rd2+ 54. Kh3 Rd3+ 55. Kh2 Bd2 56. Rf8 Bf4+ 57. Kg2 Rd2+ 58. Kg1 Be3+ 59. Kf1 Rf2+ 60. Ke1 Nd3+ 61. Kd1 Rd2# 0-1


[Site "https://www.chess.com"]

[Event "Titled Tuesday Blitz March 15 Late 2022"]
[White "Royal, Shreyas"]
[Black "Shimanov, Aleksandr"]
[WhiteFideId "448869"]
[BlackFideId "4198603"]
[WhiteElo "1986"]
[BlackElo "2636"]
[Result "0-1"]
[Round "02"]
[TimeControl "180+1"]
[Date "2022.03.15"]
[WhiteClock "0:00:08"]
[BlackClock "0:00:19"]

1. d4 Nf6 2. c4 e6 3. Nf3 d5 4. g3 Nbd7 5. Bg2 dxc4 6. Qa4 a6 7. Qxc4 b5 8. Qc2 Bb7 9. O-O c5 10. a4 b4 11. Nbd2 Rc8 12. Nc4 cxd4 13. Rd1 Bxf3 14. Bxf3 Ne5 15. b3 Nxc4 16. bxc4 Qd7 17. e3 d3 18. Rxd3 Qc7 19. Bb2 Be7 20. Rc1 O-O 21. c5 Bxc5 22. Qc4 a5 23. Bd4 Bd6 24. Bc6 e5 25. Bb2 Rfd8 26. Qb5 Rb8 27. Qc4 h6 28. Rdd1 Be7 29. Rxd8+ Bxd8 30. Qc5 Qb6 31. Bxe5 Qxc5 32. Rxc5 Rc8 33. Bd4 Bb6 34. Rc4 Bxd4 35. exd4 b3 36. Bb5 Rxc4 37. Bxc4 b2 38. Bd3 Nd5 39. Kf1 Nc3 40. d5 Kf8 41. Ke1 b1=Q+ 42. Bxb1 Nxb1 43. Ke2 Nc3+ 44. Kd3 Nxa4 45. Kc4 Ke7 46. Kb5 Nc3+ 0-1


[Site "https://www.chess.com"]

[Event "Titled Tuesday Blitz March 15 Late 2022"]
[White "Sailer, Mike"]
[Black "Karas, Marek"]
[WhiteFideId "2012901"]
[BlackFideId "14928558"]
[WhiteElo "2109"]
[BlackElo "2271"]
[Result "0-1"]
[Round "02"]
[TimeControl "180+1"]
[Date "2022.03.16"]
[WhiteClock "0:00:46"]
[BlackClock "0:01:32"]

1. d4 g6 2. Bf4 Bg7 3. e3 d6 4. Nf3 Nf6 5. Be2 O-O 6. O-O Nfd7 7. h3 Nc6 8. c4 e5 9. Bh2 f5 10. Nc3 e4 11. Nd2 g5 12. Nd5 Nf6 13. Nxf6+ Qxf6 14. Rb1 Re8 15. b4 f4 16. b5 Nd8 17. exf4 gxf4 18. f3 Qxd4+ 19. Kh1 e3 20. Ne4 Qxd1 21. Rfxd1 Ne6 22. Rd5 b6 23. Ng5 Be5 24. Nxe6 Bxe6 25. Rdd1 h5 26. Kg1 h4 27. Kf1 Kg7 28. Bd3 a6 29. Be4 Bxc4+ 30. Ke1 Bc3+ 0-1


[Site "https://www.chess.com"]

[Event "Titled Tuesday Blitz March 15 Late 2022"]
[White "Sarana, Alexey"]
[Black "Hambleton, Aman"]
[WhiteFideId "24133795"]
[BlackFideId "2606577"]
[WhiteElo "2666"]
[BlackElo "2552"]
[Result "1-0"]
[Round "02"]
[TimeControl "180+1"]
[Date "2022.03.15"]
[WhiteClock "0:01:59"]
[BlackClock "0:00:01"]

1. d4 Nf6 2. c4 e6 3. Nc3 Bb4 4. e3 O-O 5. Bd3 d5 6. a3 Bxc3+ 7. bxc3 c5 8. cxd5 Qxd5 9. f3 cxd4 10. cxd4 b6 11. Ne2 Ba6 12. e4 Qd7 13. Bg5 Bxd3 14. Qxd3 Ne8 15. O-O Nd6 16. Rad1 f6 17. Bf4 Nf7 18. d5 exd5 19. exd5 Qa4 20. Nd4 Nd7 21. Ne6 Rfc8 22. Rfe1 Nde5 23. Qf5 Ng6 24. d6 1-0


[Site "https://www.chess.com"]

[Event "Titled Tuesday Blitz March 15 Late 2022"]
[White "Sarkar, Justin"]
[Black "Kokoszczynski, Jan"]
[WhiteFideId "2010011"]
[BlackFideId "1174460"]
[WhiteElo "2038"]
[BlackElo "2163"]
[Result "0-1"]
[Round "02"]
[TimeControl "180+1"]
[Date "2022.03.16"]
[WhiteClock "0:00:02"]
[BlackClock "0:00:52"]

1. d4 d5 2. c4 e6 3. Nc3 a6 4. cxd5 exd5 5. Nf3 c6 6. Bg5 Be7 7. Bxe7 Nxe7 8. e3 O-O 9. Bd3 Bf5 10. O-O Nd7 11. Bxf5 Nxf5 12. Qd3 Nd6 13. b3 Re8 14. Nd2 Qh4 15. Rac1 Re6 16. g3 Qh3 17. Ne2 Rh6 18. Nf3 g5 19. Rfd1 Ne4 20. Nc3 Ndf6 21. Qf1 Qh5 22. Qg2 Ng4 23. Nxe4 dxe4 24. Ne5 Nxh2 25. Qxe4 Re8 26. Qg2 g4 0-1


[Site "https://www.chess.com"]

[Event "Titled Tuesday Blitz March 15 Late 2022"]
[White "Schut, Han"]
[Black "Olsen, Filip Boe"]
[WhiteFideId "1005561"]
[BlackFideId "1440640"]
[WhiteElo "2057"]
[BlackElo "2188"]
[Result "0-1"]
[Round "02"]
[TimeControl "180+1"]
[Date "2022.03.16"]
[WhiteClock "0:00:06"]
[BlackClock "0:00:12"]

1. e4 c6 2. d4 d5 3. e5 Bf5 4. Nf3 e6 5. Be2 Bb4+ 6. c3 Ba5 7. O-O Nd7 8. c4 Ne7 9. cxd5 cxd5 10. Qa4 O-O 11. Nc3 Nc6 12. Be3 a6 13. a3 b5 14. Qd1 Rc8 15. Rc1 Bxc3 16. Rxc3 Na5 17. Rxc8 Qxc8 18. Nh4 Bc2 19. Qd2 Nb3 20. Qb4 Qc6 21. f4 f5 22. g4 g6 23. gxf5 gxf5 24. Kf2 Kh8 25. Rg1 Rf7 26. Bh5 a5 27. Qe1 Rf8 28. Qf1 Be4 29. Rg5 Qc2+ 30. Qe2 Rc8 31. Kg3 Qxe2 32. Bxe2 b4 33. Bb5 Nf8 34. a4 Nc1 35. Rh5 Kg7 36. Rg5+ Ng6 37. Nxg6 hxg6 38. h4 Rh8 39. Bd7 Kf7 40. h5 Rxh5 41. Rxh5 gxh5 42. Bxc1 Ke7 43. b3 Kxd7 44. Kh4 Bc2 45. Kxh5 Bxb3 46. Kg6 Bxa4 0-1


[Site "https://www.chess.com"]

[Event "Titled Tuesday Blitz March 15 Late 2022"]
[White "Sinitsina, Anastassia"]
[Black "Golubka, Petro"]
[WhiteFideId "4504640"]
[BlackFideId "14114224"]
[WhiteElo "2144"]
[BlackElo "2346"]
[Result "0-1"]
[Round "02"]
[TimeControl "180+1"]
[Date "2022.03.16"]
[WhiteClock "0:00:01"]
[BlackClock "0:00:05"]

1. g3 g6 2. Nf3 Nf6 3. Bg2 Bg7 4. O-O O-O 5. d4 d5 6. c4 dxc4 7. Qc2 Nc6 8. Qxc4 Be6 9. Qa4 Bd5 10. Rd1 a6 11. Nc3 b5 12. Qc2 Bxf3 13. Bxf3 Nxd4 14. Rxd4 Qxd4 15. Bxa8 Rxa8 16. Be3 Qc4 17. b3 Qe6 18. Rd1 h5 19. h4 c6 20. Kg2 Ng4 21. Bd4 Rd8 22. Bxg7 Rxd1 23. Qxd1 Kxg7 24. Qd4+ Qf6 25. e3 Qxd4 26. exd4 Nf6 27. Kf3 Kf8 28. Ke2 Ke8 29. Kd3 Kd7 30. Ne2 Nd5 31. a3 a5 32. Ng1 Kd6 33. Nf3 f6 34. Nd2 Nc7 35. Ne4+ Kd5 36. Nc3+ Ke6 37. Ne4 Na6 38. Nc3 Kd6 39. Ne4+ Kc7 40. Nc3 b4 41. axb4 Nxb4+ 42. Kc4 Kd7 43. Ne2 Nd5 44. Kc5 e6 45. Nc1 Nc3 46. Nd3 Ne4+ 47. Kb6 Nd2 48. Nc5+ Kd6 49. Kxa5 Kd5 50. Kb6 g5 51. Nd7 Ne4 52. f3 Nxg3 53. Nxf6+ Kxd4 54. hxg5 h4 55. g6 Nf5 56. Kxc6 h3 57. Ng4 e5 58. b4 e4 59. fxe4 Kxe4 60. b5 Kf4 61. b6 Kxg4 62. b7 h2 63. b8=Q h1=Q+ 64. Kd7 Qd5+ 65. Kc7 Nd4 66. Qc8+ Ne6+ 67. Kb8 Kg5 68. g7 Nxg7 69. Qc7 Ne6 70. Qe7+ Kf5 71. Qf7+ Ke4 72. Qg6+ Kd4 73. Qg4+ Kc5 74. Qg1+ Nd4 75. Qc1+ Kb5 76. Qb2+ Nb3 77. Qe2+ Kb6 78. Qe3+ Nc5 79. Qh6+ Kb5 80. Qg6 Na6+ 81. Kc8 Qa8+ 82. Kd7 Nc5+ 83. Kc7 Qb7+ 84. Kd8 Qd7# 0-1


[Site "https://www.chess.com"]

[Event "Titled Tuesday Blitz March 15 Late 2022"]
[White "Sochacki, Christophe"]
[Black "Zhigalko, Sergei"]
[WhiteFideId "662569"]
[BlackFideId "13502956"]
[WhiteElo "2480"]
[BlackElo "2662"]
[Result "0-1"]
[Round "02"]
[TimeControl "180+1"]
[Date "2022.03.16"]
[WhiteClock "0:00:06"]
[BlackClock "0:01:25"]

1. e4 c5 2. Nf3 Nc6 3. b4 Nxb4 4. c3 Nc6 5. d4 d5 6. exd5 Qxd5 7. Be3 cxd4 8. cxd4 e6 9. Nbd2 Nf6 10. Bc4 Qd8 11. O-O Be7 12. Ne5 O-O 13. Nxc6 bxc6 14. Rc1 Nd5 15. Bd3 Rb8 16. Rxc6 Nb4 17. Bxh7+ Kxh7 18. Qh5+ Kg8 19. Rcc1 Qd5 20. Qh3 Ba6 21. Rfd1 Be2 22. Re1 Nd3 23. Rc7 Bd6 24. Rxe2 Bxc7 25. Qg4 f5 26. Qg6 Rf6 27. Qg5 0-1


[Site "https://www.chess.com"]

[Event "Titled Tuesday Blitz March 15 Late 2022"]
[White "Sokolovsky, Yahli"]
[Black "Sanchez, Robert"]
[WhiteFideId "2820242"]
[BlackFideId "2034360"]
[WhiteElo "1770"]
[BlackElo "2321"]
[Result "1-0"]
[Round "02"]
[TimeControl "180+1"]
[Date "2022.03.16"]
[WhiteClock "0:01:04"]
[BlackClock "0:01:27"]

1. b3 d6 2. Bb2 Nc6 3. e3 e5 4. d4 e4 5. d5 Nce7 6. c4 Ng6 7. Ne2 f5 8. Nd4 Nf6 9. Nc3 Be7 10. Qd2 O-O 11. O-O-O a5 12. Be2 Bd7 13. f4 a4 14. h3 axb3 15. axb3 c5 16. Ndb5 Ne8 17. g4 Nc7 18. gxf5 Bxf5 19. Bg4 Nxb5 20. Nxb5 Bf6 21. Bxf5 Bxb2+ 22. Kxb2 Rxf5 23. Ra1 Rxa1 24. Rxa1 Nh4 25. Qc2 Nf3 26. Qxe4 Qf6+ 27. Nc3 1-0


[Site "https://www.chess.com"]

[Event "Titled Tuesday Blitz March 15 Late 2022"]
[White "Spitzl, Vinzent"]
[Black "Burke, Paul"]
[WhiteFideId "12901253"]
[BlackFideId "2605767"]
[WhiteElo "2160"]
[BlackElo "1892"]
[Result "1-0"]
[Round "02"]
[TimeControl "180+1"]
[Date "2022.03.16"]
[WhiteClock "0:00:17"]
[BlackClock "0:00:04"]

1. e4 e5 2. Nf3 Nc6 3. Bc4 Be7 4. c3 Nf6 5. O-O Nxe4 6. Re1 d5 7. Bb5 O-O 8. d3 Ng5 9. Bxc6 Nxf3+ 10. Qxf3 bxc6 11. Rxe5 Bd6 12. Re1 Be6 13. Bf4 Qd7 14. h3 Rae8 15. Nd2 c5 16. Re2 c6 17. Rae1 Bxf4 18. Qxf4 Qb7 19. Nf3 Qa6 20. Ne5 Qxa2 21. Nxc6 Qa6 22. Ne5 Qb7 23. h4 Qc7 24. h5 f6 25. Ng6 Qxf4 26. Nxf4 Bf7 27. Rxe8 Rxe8 28. Rxe8+ Bxe8 29. Nxd5 Kf7 30. Nf4 g5 31. hxg6+ hxg6 32. Kf1 g5 33. Nd5 Bc6 34. Ne3 Ke6 35. g3 f5 36. f4 gxf4 37. gxf4 Bb5 38. Ke2 a5 39. Kd2 a4 40. d4 cxd4 41. cxd4 Bc6 42. Kc3 Bb5 43. Kb4 Be8 44. Kc5 Kf6 45. d5 Bd7 46. Kd6 Bb5 47. Kc7 Ke7 48. Nxf5+ Kf6 49. Nd4 1-0


[Site "https://www.chess.com"]

[Event "Titled Tuesday Blitz March 15 Late 2022"]
[White "Szalay, Karoly"]
[Black "Levin, Anthony"]
[WhiteFideId "2600544"]
[BlackFideId "30940680"]
[WhiteElo "2455"]
[BlackElo "1894"]
[Result "1-0"]
[Round "02"]
[TimeControl "180+1"]
[Date "2022.03.16"]
[WhiteClock "0:01:29"]
[BlackClock "0:00:01"]

1. e4 c5 2. Nf3 d6 3. d4 cxd4 4. Nxd4 Nf6 5. Nc3 a6 6. Bg5 Nbd7 7. f3 h6 8. Be3 g6 9. Qd2 Bg7 10. O-O-O b5 11. g4 Bb7 12. h4 Rc8 13. Bd3 Nc5 14. g5 hxg5 15. hxg5 Nh5 16. Kb1 O-O 17. Nce2 d5 18. e5 Bxe5 19. f4 Bg7 20. f5 e5 21. Rxh5 gxh5 22. f6 exd4 23. Nxd4 Re8 24. Bf5 Ne4 25. Qh2 Rc4 26. Qxh5 Bc6 27. Qh7+ Kf8 28. Qxg7# 1-0


[Site "https://www.chess.com"]

[Event "Titled Tuesday Blitz March 15 Late 2022"]
[White "Taichman, Ori"]
[Black "Chigaev, Maksim"]
[WhiteFideId "2804069"]
[BlackFideId "4108116"]
[WhiteElo "2227"]
[BlackElo "2502"]
[Result "0-1"]
[Round "02"]
[TimeControl "180+1"]
[Date "2022.03.15"]
[WhiteClock "0:00:16"]
[BlackClock "0:00:35"]

1. e4 c5 2. b3 g6 3. Bb2 Nf6 4. e5 Nd5 5. g3 Bg7 6. Bg2 Nc7 7. d4 cxd4 8. Qxd4 Nc6 9. Qe3 d6 10. Nf3 O-O 11. h4 dxe5 12. h5 Nd5 13. Qe4 Bf5 14. Qh4 Bf6 15. Qh2 g5 16. g4 e4 17. Ne5 Nxe5 18. Bxe5 Bxg4 19. Bxe4 Nf4 20. f3 Bxe5 21. fxg4 Qd4 22. Nd2 Qxa1+ 23. Kf2 Qd4+ 24. Ke1 Nd3+ 0-1


[Site "https://www.chess.com"]

[Event "Titled Tuesday Blitz March 15 Late 2022"]
[White "Tang, Andrew"]
[Black "Mogranzini, Roberto"]
[WhiteFideId "2059630"]
[BlackFideId "810894"]
[WhiteElo "2584"]
[BlackElo "2469"]
[Result "1-0"]
[Round "02"]
[TimeControl "180+1"]
[Date "2022.03.15"]
[WhiteClock "0:00:32"]
[BlackClock "0:00:15"]

1. d4 Nf6 2. c4 g6 3. f3 Bg7 4. e4 d6 5. Nc3 O-O 6. Nge2 Nc6 7. Be3 a6 8. Rb1 Na5 9. Ng3 Nd7 10. Qd2 c5 11. dxc5 dxc5 12. Rd1 Nc6 13. Bd3 Nd4 14. O-O Ne5 15. f4 Ng4 16. e5 Nxe3 17. Qxe3 Bd7 18. Be4 Rb8 19. b4 b6 20. Nd5 e6 21. Nxb6 Qxb6 22. bxc5 Qxc5 23. Qxd4 Qxd4+ 24. Rxd4 Ba4 25. c5 Bb5 26. Rc1 Rfc8 27. c6 Bf8 28. a4 Bxc6 29. Bxc6 Ba3 30. Rc2 Rb1+ 31. Kf2 Bc1 32. Rdc4 Rcb8 33. Rxc1 R1b2+ 34. R1c2 R2b4 35. Ne4 1-0


[Site "https://www.chess.com"]

[Event "Titled Tuesday Blitz March 15 Late 2022"]
[White "Thavandiran, Shiyam"]
[Black "Foisor, Sabina-Francesca"]
[WhiteFideId "2605058"]
[BlackFideId "1212915"]
[WhiteElo "2357"]
[BlackElo "2243"]
[Result "0-1"]
[Round "02"]
[TimeControl "180+1"]
[Date "2022.03.16"]
[WhiteClock "0:00:06"]
[BlackClock "0:00:12"]

1. e4 c6 2. d4 d5 3. Nd2 g6 4. Ngf3 Bg7 5. h3 Nf6 6. e5 Ne4 7. Bd3 Nxd2 8. Bxd2 O-O 9. O-O c5 10. c3 Nc6 11. Re1 Qb6 12. Qb3 c4 13. Qxb6 axb6 14. Bc2 b5 15. Kf1 Bf5 16. Bxf5 gxf5 17. a3 e6 18. g4 fxg4 19. hxg4 f6 20. exf6 Rxf6 21. Ng1 Raf8 22. Nh3 Na5 23. Rad1 Nb3 24. Bg5 Rg6 25. Be7 Re8 26. Bd6 Rxg4 27. Nf4 Kf7 28. Re3 Bh6 29. Rf3 Bxf4 30. Bxf4 Ke7 31. Re1 Kd7 32. Bg3 h5 33. Rf7+ Re7 34. Rf8 h4 35. Be5 Rh7 36. Rb8 Kc6 37. Bh2 Rg6 38. Re5 h3 39. Rc8+ Kb6 40. Re8 Nd2+ 41. Ke2 Ne4 42. R8xe6+ Rxe6 43. Rxe6+ Ka7 44. Re5 Nf6 45. f3 Rg7 46. Ke3 Rg2 47. Bf4 h2 48. Bxh2 Rxh2 49. Rf5 Nd7 50. Rxd5 Nb6 51. Rxb5 Rh3 52. Kf4 Ka6 53. Rb4 Nd5+ 54. Kg4 Rh1 55. Rxc4 Ne3+ 56. Kg3 Nxc4 0-1


[Site "https://www.chess.com"]

[Event "Titled Tuesday Blitz March 15 Late 2022"]
[White "Torres Hernandez, Leslie Carolin"]
[Black "Marson, Juan Miguel"]
[WhiteFideId "8400504"]
[BlackFideId "106585"]
[WhiteElo "1920"]
[BlackElo "2053"]
[Result "1-0"]
[Round "02"]
[TimeControl "180+1"]
[Date "2022.03.16"]
[WhiteClock "0:00:02"]
[BlackClock "0:00:08"]

1. e4 e5 2. Nf3 Nc6 3. Bc4 Nf6 4. Qe2 h6 5. c3 d6 6. h3 g5 7. g4 Qe7 8. d3 Na5 9. Bb5+ c6 10. Ba4 b5 11. Bc2 Bg7 12. b4 Nb7 13. a4 Bd7 14. Rg1 Nd8 15. axb5 cxb5 16. Be3 a6 17. Nbd2 Ne6 18. c4 Nf4 19. Bxf4 exf4 20. d4 bxc4 21. Nxc4 Bb5 22. Bd3 O-O 23. e5 dxe5 24. dxe5 Bxc4 25. Bxc4 Qxb4+ 26. Kf1 Nd7 27. Qe4 Kh8 28. Kg2 Nc5 29. Qe2 Rae8 30. Rgb1 Qc3 31. Bxa6 Bxe5 32. Rc1 Qxa1 33. Rxa1 Bxa1 34. Qa2 Nxa6 35. Qxa1+ Kg8 36. Qxa6 Re6 37. Qc4 Kg7 38. h4 f6 39. hxg5 Re7 40. gxf6+ Kxf6 41. Qxf4+ Kg7 42. Qd4+ Kh7 43. Nh4 Rg7 44. f3 Rff7 45. Nf5 Rxf5 46. Qe4 Rg5 47. Qe7+ Kg8 48. Qe6+ Rf7 49. Qxh6 Rgg7 50. Kg3 Rh7 51. Qg6+ Rhg7 52. Qb6 Rd7 53. Qe6+ Kf8 54. Qf6+ Rgf7 55. Qg6 Rc7 56. f4 Rc3+ 57. Kh4 Rc1 58. Qd6+ Kg8 59. Qd8+ Kg7 60. Kg5 Rc5+ 61. f5 Rcc7 62. Qd4+ Kg8 63. f6 Rcd7 64. Qe4 Rb7 65. Kg6 Rg7+ 66. fxg7 Rb6+ 67. Kg5 Rb5+ 68. Kh4 Rb8 69. Qe6+ Kh7 70. Qf5+ Kg8 71. Qe5 Re8 72. Qxe8+ Kh7 73. Qh5+ Kg8 74. Qh8+ Kf7 75. g8=Q+ Ke7 76. Qhh7+ Kd6 77. Qgg6+ Kc5 78. Qhf7 Kb4 79. Qge6 Kc3 80. Qfd7 Kb4 81. Qec6 Ka5 82. Qb5# 1-0


[Site "https://www.chess.com"]

[Event "Titled Tuesday Blitz March 15 Late 2022"]
[White "Travadon, Loic"]
[Black "Donchenko, Alexander"]
[WhiteFideId "26092131"]
[BlackFideId "24603295"]
[WhiteElo "2095"]
[BlackElo "2539"]
[Result "1/2-1/2"]
[Round "02"]
[TimeControl "180+1"]
[Date "2022.03.16"]
[WhiteClock "0:00:21"]
[BlackClock "0:00:03"]

1. Nf3 Nf6 2. g3 b6 3. Bg2 Bb7 4. d4 c5 5. c3 g6 6. O-O Bg7 7. a4 Nc6 8. Na3 cxd4 9. Nxd4 O-O 10. Bg5 Qc8 11. Rc1 Na5 12. e4 d6 13. Re1 h6 14. Bd2 a6 15. Qe2 e5 16. Ndc2 Nb3 17. Rcd1 Nc5 18. Nc4 Qc7 19. a5 bxa5 20. Be3 Rfd8 21. Ra1 a4 22. Bxc5 Qxc5 23. Rxa4 Bc6 24. Ra5 Bb5 25. N2a3 Rac8 26. Nxb5 axb5 27. Na3 Rb8 28. Rxb5 Qc6 29. c4 Nd7 30. Rd1 Nc5 31. Rxb8 Rxb8 32. Nb5 Bf8 33. h4 h5 34. g4 Ne6 35. b3 Nf4 36. Qf3 hxg4 37. Qxg4 Ra8 38. Bf3 Ra2 39. Nc3 Rb2 40. Nd5 Qc5 41. Rf1 Nxd5 42. cxd5 Rxb3 43. Kg2 Rb2 44. h5 Kg7 45. hxg6 fxg6 46. Qd7+ Kf6 47. Qe6+ Kg7 48. Qd7+ Kf6 49. Kh1 Rxf2 50. Rg1 Rh2+ 51. Kxh2 Qf2+ 52. Rg2 Qh4+ 53. Qh3 Qf4+ 54. Qg3 Qh6+ 55. Kg1 Qe3+ 56. Kh1 Qh6+ 57. Rh2 Qc1+ 58. Qg1 Qf4 59. Qf1 Kg7 60. Bg2 Qe3 61. Rh3 Qd2 62. Qb1 Be7 63. Qd3 Qc1+ 64. Qf1 Qd2 65. Rf3 Qh6+ 66. Bh3 Kh8 67. Rf7 Qh4 68. Kg2 Qg5+ 69. Kh1 Qh4 70. Qf3 Kg8 71. Kg2 Qg5+ 72. Kf1 Qc1+ 73. Kg2 Qd2+ 74. Kh1 Qc1+ 75. Bf1 Qh6+ 76. Kg1 Qg5+ 77. Kh2 Qh6+ 78. Bh3 Qd2+ 79. Kg3 Qg5+ 80. Bg4 Qh4+ 81. Kg2 Qg5 82. Rxe7 Qxe7 83. Be6+ Kg7 84. Qa3 Qg5+ 85. Qg3 Qd2+ 86. Qf2 Qg5+ 87. Kh2 Qh6+ 88. Bh3 Qg5 89. Qf3 Qd2+ 90. Bg2 Qh6+ 91. Qh3 Qf4+ 92. Qg3 Qh6+ 93. Kg1 Qc1+ 94. Bf1 Qh6 95. Qg4 Qe3+ 96. Kg2 Qd2+ 97. Be2 Kh6 98. Qh4+ Kg7 99. Qg4 Kh6 100. Kf1 Qc1+ 101. Kf2 Qc5+ 102. Kf3 Qc3+ 103. Kg2 Qd2 1/2-1/2


[Site "https://www.chess.com"]

[Event "Titled Tuesday Blitz March 15 Late 2022"]
[White "Urazayev, Arystanbek"]
[Black "Lewtak, Damian"]
[WhiteFideId "13709810"]
[BlackFideId "1141724"]
[WhiteElo "2393"]
[BlackElo "2362"]
[Result "1/2-1/2"]
[Round "02"]
[TimeControl "180+1"]
[Date "2022.03.16"]
[WhiteClock "0:01:20"]
[BlackClock "0:00:56"]

1. d4 d5 2. Nf3 c6 3. c4 Nf6 4. Nc3 dxc4 5. e4 b5 6. Be2 e6 7. O-O Be7 8. a4 b4 9. e5 bxc3 10. exf6 Bxf6 11. bxc3 c5 12. Bxc4 cxd4 13. Nxd4 O-O 14. Qf3 Qc7 15. Qxa8 Qxc4 16. Qxb8 Ba6 17. Qxf8+ Kxf8 18. Nb5 Kg8 19. Rd1 h6 20. Be3 Bxb5 21. axb5 Qxb5 22. Rxa7 Bxc3 23. g3 Bf6 24. h4 Qf5 25. Rdd7 Bc3 26. Ra8+ Kh7 27. Raa7 Kg6 28. Rac7 Bb2 29. Rc5 Qb1+ 30. Kh2 f5 31. Rc6 Qe4 32. Rb6 Bc3 33. Rbb7 Be5 34. Re7 Bxg3+ 35. Kxg3 Qg4+ 36. Kh2 Qxh4+ 37. Kg1 Qg4+ 38. Kf1 Qd1+ 39. Kg2 Qg4+ 40. Kh2 Qh4+ 41. Kg1 Qg4+ 42. Kh1 Qh4+ 43. Kg2 Qg4+ 44. Kf1 Qd1+ 45. Kg2 Qg4+ 1/2-1/2


[Site "https://www.chess.com"]

[Event "Titled Tuesday Blitz March 15 Late 2022"]
[White "Urbina Perez, Juan Antonio"]
[Black "Ardila, Oscar Humberto"]
[WhiteFideId "2217368"]
[BlackFideId "4404742"]
[WhiteElo "2192"]
[BlackElo "1966"]
[Result "1-0"]
[Round "02"]
[TimeControl "180+1"]
[Date "2022.03.16"]
[WhiteClock "0:00:06"]
[BlackClock "0:00:08"]

1. d4 Nf6 2. Nf3 e6 3. g3 Be7 4. Bg2 O-O 5. O-O d6 6. c4 Nbd7 7. Nc3 c5 8. e4 cxd4 9. Nxd4 a6 10. h3 Qc7 11. Be3 Qxc4 12. Rc1 Qb4 13. Qc2 Qa5 14. Rfd1 Qh5 15. g4 Qg6 16. f4 h5 17. f5 exf5 18. exf5 Qh7 19. g5 Ne8 20. g6 Qh8 21. Bd5 Ne5 22. Bf4 Nf6 23. Bxe5 Nxd5 24. Nxd5 Bg5 25. Bf4 Bd8 26. Bxd6 Re8 27. gxf7+ Kxf7 28. Nc7 Bxc7 29. Qxc7+ Kg8 30. Re1 Kh7 31. f6 Rxe1+ 32. Rxe1 Bxh3 33. Qc2+ Kh6 34. Bf4+ g5 35. Nf5+ Bxf5 36. Qxf5 Rg8 37. Bg3 Qh7 38. Qe6 Rg6 39. Bd6 h4 40. Be7 Kh5 41. Qh3 g4 42. Re5+ Rg5 43. Rxg5+ Kxg5 44. f7+ Kf5 45. Qd3+ Ke6 46. Qxh7 Kxe7 47. Qg7 g3 48. f8=Q+ 1-0


[Site "https://www.chess.com"]